 Dungeon Crawl Stone Soup version 0.28-a0-1518-gbe868bc (webtiles) character file.

Game seed: 7786777135252690252

144 Illumine the Chopper (level 5, -5/46 HPs)
             Began as a Hill Orc Abyssal Knight on Jan 17, 2022.
             Was a Believer of Lugonu.
             Slain by a wyvern (7 damage)
             ... on level 4 of the Dungeon.
             The game lasted 00:05:39 (4583 turns).

Illumine the Chopper (Hill Orc Abyssal Knight)      Turns: 4583, Time: 00:05:39

Health: -5/46      AC:  6    Str: 18    XL:     5   Next: 26%
Magic:  6/6        EV: 11    Int: 10    God:    Lugonu [**....]
Gold:   100        SH:  0    Dex: 17    Spells: 4/4 levels left

rFire   . . .      SeeInvis .   a - +2 hand axe
rCold   . . .      Faith    .   (no shield)
rNeg    . . .      Spirit   .   b - +0 leather armour
rPois   .          Reflect  .   q - +2 helmet
rElec   .          Harm     .   (no cloak)
rCorr   .          Rampage  .   (no gloves)
Will    .....                   (no boots)
Stlth   +.........              r - amulet of the acrobat
HPRegen 0.15/turn               d - +6 ring of dexterity
MPRegen 0.10/turn               (no ring)

@: no status effects
A: no striking features
a: Renounce Religion, Depart the Abyss, Bend Space


You were on level 4 of the Dungeon.
You worshipped Lugonu.
Lugonu was pleased with you.
You visited 1 branch of the dungeon, and saw 4 of its levels.
You visited the Abyss 1 time.

You collected 100 gold pieces.

Inventory:

Hand Weapons
 a - a +2 hand axe (weapon)
 c - a +0 hunting sling
Missiles
 f - 171 stones
 i - 25 bolts
 j - 52 sling bullets
 p - 2 poisoned darts (quivered)
Armour
 b - a +0 leather armour (worn)
 q - a +2 helmet (worn)
Jewellery
 d - a +6 ring of dexterity (left hand)
 g - a ring of positive energy
 r - an amulet of the acrobat (around neck)
Wands
 m - a wand of flame (28)
Scrolls
 e - 2 scrolls of noise
 h - a scroll of fear {unknown}
 k - a scroll of identify {unknown}
 l - a scroll of silence {unknown}
Potions
 n - a potion of mutation {unknown}
 o - 3 potions of might {unknown}
 s - a potion of curing {unknown}
 t - a potion of degeneration {unknown}


   Skills:
 + Level 3.7 Fighting
 * Level 6.8 Axes
 + Level 2.4 Armour
 - Level 0.7 Dodging
 - Level 2.4 Invocations


You had 4 spell levels left.
You didn't know any spells.
Your spell library contained the following spells:

 Spells                   Type           Power      Damage    Failure   Level
 Corpse Rot               Necr/Air       0%         N/A       56%         2
 Dispel Undead            Necr           0%         3d6       99%         4
 Death Channel            Necr           0%         N/A       100%        6


Dungeon Overview and Level Annotations

Branches:
Dungeon (4/15)
 Temple: D:4-7

Altars:


Message History

t - a lumpy white potion No target in view!
You now have 100 gold pieces (gained 6).
A wyvern comes into view.
The wyvern hisses angrily.
A wyvern is nearby!
A wyvern is nearby!
The wyvern completely misses you.
You hit the wyvern but do no damage. The wyvern closely misses you.
The wyvern completely misses you.
Unknown command.
Unknown command.
Throw: 5 darts (poison)
Press: ? - help, Q - select action, (/) - cycle Shift-Dir - straight line, f - wyvern
Aim: a wyvern (60% to hit)
You throw a poisoned dart.
The poisoned dart closely misses the wyvern.
The wyvern hisses menacingly.
The wyvern bites you.
You hit the wyvern.
The wyvern is lightly wounded.
The wyvern barely misses you. The wyvern bites you!
Throw: 4 darts (poison)
Press: ? - help, Q - select action, (/) - cycle Shift-Dir - straight line, f/p - wyvern
Aim: a wyvern (lightly wounded, 60% to hit)
You throw a poisoned dart. The poisoned dart hits the wyvern.
The wyvern is poisoned.
The wyvern is lightly wounded.
The wyvern bites you!
Throw: 3 darts (poison)
Press: ? - help, Q - select action, (/) - cycle Shift-Dir - straight line, f/p - wyvern
Aim: a wyvern (lightly wounded, poisoned, 60% to hit)
You throw a poisoned dart.
The poisoned dart closely misses the wyvern.
The wyvern bites you! x2
* * * LOW HITPOINT WARNING * * *
You hit the wyvern but do no damage.
The wyvern is lightly wounded.
The wyvern bites you!
You die...

#.# #.# #.# #.# ########
#.####?.....# #.#......#
## ## #.#.##.#.....
##.#.####.....@# ...
#.#.#....##.#..l..# #
####.#.###.##.##.#.#....
<...###.#...#........ #.
####.#.#.....#####..(. #
#.##.....# ##.## #
####...†.# .. #####
##.).## .# ....######.##


You could see a wyvern (poisoned).

Vanquished Creatures
  Robin (D:2)
  3 adders
  A worm (D:3)
  A dart slug (D:1)
  6 orcs
  6 bats
  5 endoplasms
  2 giant cockroaches
  13 goblins
  10 hobgoblins
  2 jackals (D:1)
  4 quokkas
  13 ball pythons
  3 frilled lizards (D:1)
  4 kobolds
  20 rats
94 creatures vanquished.

Notes
Turn   | Place    | Note
-------+----------+-------------------------------------------
     0 | Abyss:1  | Illumine the Hill Orc Abyssal Knight began the quest for
                  | the Orb.
     0 | Abyss:1  | Reached XP level 1. HP: 19/19 MP: 2/2
    25 | D:1      | Escaped the Abyss
   131 | D:1      | Reached * piety under Lugonu
   132 | D:1      | Reached skill level 3 in Axes
   341 | D:1      | Reached XP level 2. HP: 25/26 MP: 3/3
   449 | D:1      | Reached skill level 4 in Axes
   968 | D:1      | Reached XP level 3. HP: 28/31 MP: 4/4
  1440 | D:2      | Reached skill level 5 in Axes
  1824 | D:2      | Found a faded altar of an unknown god.
  1843 | D:2      | Noticed Robin
  1847 | D:2      | Reached ** piety under Lugonu
  1870 | D:2      | Killed Robin
  1871 | D:2      | Reached XP level 4. HP: 11/39 MP: 5/5
  3282 | D:3      | Reached skill level 6 in Axes
  4296 | D:4      | Reached XP level 5. HP: 46/46 MP: 6/6
  4575 | D:4      | Noticed a wyvern
  4582 | D:4      | HP: 1/46 [wyvern (14)]
  4583 | D:4      | Slain by a wyvern

Illustrated notes

Levels and vault maps discovered:
D:1:      minmay_arrival_four_houses, layout_basic, minmay_tiny_reverse_x
D:2:      layout_basic, chequers_ecumenical_altar_grove,
          uniq_crazy_yiuf_cottage, uniq_robin
D:3:      layout_basic, kennysheep_cross_room, grunt_ministairs_15
D:4:      layout_loops_cross, minmay_rat_hole

Skill      XL: |  1  2  3  4 |
---------------+-------------+-----
Axes           | 3 4 5 6 |  6.8
Fighting       | |  3.7
Armour         | |  2.4
Dodging        | |  0.7
Invocations    | |  2.4

Action                   |  1- 3 |  4- 6 || total
-------------------------+-------+-------++-------
Melee: Hand axe          |   130 |   117 ||   247
       Punch             |       |     1 ||     1
Throw: Dart              |       |     3 ||     3
Invok: Depart the Abyss  |     1 |       ||     1
  Use: Scroll            |       |     7 ||     7
 Stab: Sleeping          |       |     2 ||     2
Armor: Leather armour    |    43 |    52 ||    95
Dodge: Dodged            |    85 |    68 ||   153

Table legend: (Time is in decaauts)
 A = Elapsed time spent in this place.
 B = Non-inter-level travel time spent in this place.
 C = Inter-level travel time spent in this place.
 D = Time resting spent in this place.
 E = Time spent auto-exploring this place.
 F = Levels seen in this place.
 G = Mean time per level.
                   A        B        C        D        E       F      G
               +--------+--------+--------+--------+--------+-----+--------+
         Total |   4591 |   4469 |    122 |   1046 |   2771 |   5 |  918.2 |
       Dungeon |   4566 |   4444 |    122 |   1046 |   2771 |   4 | 1141.5 |
         Abyss |     25 |     25 |      0 |      0 |      0 |   1 |   25.0 |
               +--------+--------+--------+--------+--------+-----+--------+

Top non-repeatable levels by time:
     D:1: 1419 daAuts
     D:2: 1381 daAuts
     D:3: 1220 daAuts
     D:4: 545 daAuts
 Abyss:1: 25 daAuts
